Map: Acropolis LE

Players

Elazer

  • Race: Zerg Zerg
  • League: Grandmaster
  • Spawn Location: 5:00

TSGSolar (Solar) - Winner!

  • Race: Zerg Zerg
  • League: Diamond
  • Spawn Location: 11:00

Event: HomeStory Cup XIX

VOD

Have the link to the VOD?

Description

Time

  • Played on: June 29, 2019, 8:13 a.m.
  • Length: 10:22

All games in this series

Show
View Real Time Build Order
Export as new Build Order

Elazer Zerg 

Build Orders: Hatch First 

Get SALT Encoding   

  12  0:00  Drone  
  13  0:12  Overlord  
  13  0:16  Drone  
  14  0:30  Drone x2  
  16  0:46  Hatchery  
  15  0:50  Drone  
  15  0:54  Drone  
  17  0:57  Drone  
  18  1:08  Extractor  
  17  1:12  Spawning Pool  
  17  1:15  Drone  
  17  1:19  Drone  
  18  1:28  Drone  
  19  1:39  Drone  
  20  1:50  Drone  
  21  1:59  Drone, Queen x2  
  21  2:00  Overlord  
  26  2:09  Zergling x2  
  26  2:11  Metabolic Boost, Drone  
  28  2:19  Drone  
  29  2:25  Drone  
  30  2:30  Drone  
  30  2:34  Hatchery  
  30  2:37  Drone  
  30  2:42  Drone  
  32  2:45  Baneling Nest  
  32  2:46  Drone  
  32  2:52  Overlord  
  32  2:54  Drone  
  33  3:03  Drone  
  34  3:06  Drone x2  
  34  3:10  Drone x2, Overlord  
  38  3:15  Queen  
  38  3:17  Zergling x2  
  41  3:21  Zergling x4  
  41  3:26  Drone  
  44  3:29  Drone  
  44  3:32  Drone  
  46  3:35  Baneling  
  46  3:37  Zergling x2  
  46  3:39  Baneling  
  46  3:41  Zergling x4  
  46  3:43  Drone x3  
  46  3:46  Overlord  
  46  3:47  Drone  
  52  3:49  Drone  
  52  3:54  Drone  
  54  3:57  Lair  
  54  3:58  Drone, Extractor  
  54  3:59  Extractor  
  53  4:03  Evolution Chamber  
  53  4:05  Drone x2  
  53  4:08  Overlord  
  54  4:12  Drone x4  
  59  4:17  Drone  
  59  4:22  Drone x2  
  59  4:23  Roach Warren  
  60  4:27  Drone  
  60  4:28  Drone x3  
  60  4:30  Zerg Missile Weapons Level 1, Drone  
  65  4:36  Overlord  
  65  4:38  Drone  
  66  4:39  Drone  
  67  4:45  Overlord  
  67  4:48  Overlord  
  67  4:49  Extractor  
  67  4:52  Overlord  
  66  4:55  Baneling x2  
  66  4:58  Zergling x4  
  68  5:06  Roach x8  
  83  5:08  Glial Reconstitution  
  83  5:10  Overlord  
  83  5:13  Overlord  
  83  5:16  Roach x2  
  87  5:22  Overlord  
  87  5:23  Roach x3  
  93  5:29  Extractor, Overlord  
  93  5:30  Roach x2  
  96  5:36  Overlord  
  96  5:37  Roach x2  
  100  5:46  Nydus Network  
  100  5:51  Roach x2  
  100  5:54  Overlord  
  100  5:55  Roach x2  
  108  5:57  Roach  
  108  5:59  Roach  
  112  6:05  Roach x2  
  112  6:08  Roach  
  118  6:18  Roach x5  
  123  6:23  Nydus Canal  
  113  6:27  Roach x2  
  113  6:29  Roach  
  113  6:31  Queen x3  
  127  6:32  Roach  
  127  6:34  Roach  
  127  6:37  Roach  
  127  6:38  Roach  
  131  6:48  Roach x4  
  131  6:49  Roach  
  125  6:58  Roach x2  
  125  7:01  Roach x2  
  119  7:04  Roach x2  
  119  7:06  Roach  
  107  7:13  Drone x9  
  112  7:17  Overseer  
  112  7:20  Extractor  
  112  7:22  Extractor  
  110  7:25  Drone x3  
  113  7:30  Overlord  
  113  7:31  Zerg Missile Weapons Level 2  
  113  7:34  Drone  
  113  7:36  Drone  
  115  7:41  Overlord  
  115  7:42  Roach x7  
  129  7:52  Overlord  
  129  7:55  Pneumatized Carapace  
  129  7:56  Drone x3  
  129  7:57  Overlord  
  132  7:58  Hatchery  
  132  8:00  Queen  
  133  8:06  Queen  
  133  8:09  Spore Crawler  
  133  8:10  Spore Crawler x2  
  132  8:16  Spore Crawler  
  132  8:17  Drone x2  
  132  8:18  Spore Crawler  
  132  8:19  Spore Crawler  
  132  8:20  Drone x2  
  132  8:21  Drone  
  132  8:23  Drone x2  
  132  8:26  Drone x2  
  138  8:30  Drone x3  
  138  8:31  Drone  
  138  8:34  Drone x2  
  140  8:41  Queen  
  140  8:43  Spore Crawler  
  140  8:45  Overlord  
  140  8:46  Roach  
  140  8:47  Hydralisk Den  
  142  8:48  Overlord  
  142  8:51  Roach  
  142  8:52  Ravager x3  
  142  8:53  Ravager  
  142  8:55  Roach  
  150  8:58  Roach x2  
  150  9:01  Ravager x2  
  150  9:02  Roach  
  158  9:06  Roach  
  158  9:07  Roach x2  
  164  9:12  Roach x3  
  164  9:16  Roach x3  
  176  9:31  Roach x6  
  178  9:38  Roach x3  
  178  9:45  Roach x3  
  157  9:53  Hatchery  
  157  9:56  Roach x2  
Show
View Real Time Build Order
Export as new Build Order

TSGSolar Zerg - Winner!

Build Orders: Hatch First 

Get SALT Encoding   

  12  0:01  Drone  
  13  0:14  Overlord  
  13  0:17  Drone  
  14  0:32  Drone x2  
  16  0:48  Hatchery  
  15  0:51  Drone  
  15  0:54  Drone  
  17  0:58  Drone  
  18  1:08  Extractor  
  17  1:14  Spawning Pool  
  17  1:16  Drone  
  17  1:20  Drone  
  18  1:29  Drone  
  19  1:41  Drone  
  20  1:51  Overlord  
  20  2:00  Queen x2  
  24  2:02  Drone x2  
  26  2:09  Metabolic Boost  
  26  2:11  Drone  
  26  2:12  Drone  
  28  2:22  Drone  
  29  2:25  Drone  
  30  2:33  Hatchery  
  30  2:35  Zergling x2  
  30  2:38  Drone  
  31  2:48  Baneling Nest  
  31  2:49  Drone  
  31  2:52  Overlord  
  31  2:56  Zergling x2  
  31  2:57  Drone  
  33  3:06  Drone  
  33  3:08  Drone x2  
  33  3:12  Zergling x4  
  38  3:13  Zergling x2  
  38  3:14  Drone x2  
  41  3:21  Drone, Evolution Chamber  
  41  3:25  Drone  
  42  3:29  Overlord  
  42  3:33  Drone  
  43  3:34  Baneling  
  43  3:41  Drone  
  44  3:44  Queen  
  44  3:45  Zergling x2  
  44  3:47  Drone x3  
  50  3:49  Zerg Missile Weapons Level 1  
  50  3:50  Drone x2  
  50  3:51  Zergling x2  
  53  3:55  Drone  
  53  3:56  Drone  
  53  3:59  Drone, Overlord  
  55  4:07  Drone x2  
  55  4:08  Overlord  
  57  4:15  Extractor  
  56  4:17  Extractor  
  56  4:19  Lair  
  56  4:21  Roach Warren  
  56  4:22  Zergling x8  
  58  4:26  Overlord  
  58  4:28  Zergling x2  
  58  4:29  Zergling x2  
  60  4:34  Overlord  
  60  4:39  Roach Warren, Overlord  
  60  4:41  Drone x2  
  60  4:45  Drone x3  
  62  4:46  Drone x3  
  62  4:51  Overlord  
  62  4:52  Drone  
  66  5:09  Drone x3  
  66  5:10  Extractor  
  67  5:15  Drone  
  67  5:16  Drone x2  
  67  5:17  Drone x3  
  67  5:18  Glial Reconstitution  
  67  5:19  Drone x3, Overseer, Extractor  
  74  5:22  Drone x3  
  77  5:29  Overseer, Roach x3  
  83  5:36  Extractor  
  83  5:39  Drone  
  83  5:41  Roach x3  
  83  5:42  Roach x2  
  93  5:47  Spine Crawler  
  93  5:48  Overlord  
  93  5:49  Roach x5  
  102  5:53  Roach x2  
  106  5:57  Overlord  
  106  5:59  Overlord  
  106  6:03  Overlord  
  106  6:04  Overlord  
  106  6:11  Roach x4  
  106  6:16  Roach  
  106  6:17  Roach  
  114  6:20  Roach  
  114  6:22  Spire  
  109  6:28  Roach x2  
  109  6:32  Roach  
  115  6:35  Roach  
  115  6:37  Roach x7  
  115  6:39  Roach  
  133  6:41  Roach  
  133  6:43  Roach  
  134  6:48  Roach x2  
  134  6:52  Roach  
  128  6:57  Roach  
  128  7:00  Overlord  
  113  7:08  Roach x3  
  113  7:09  Roach  
  113  7:11  Overlord  
  117  7:17  Overlord  
  117  7:24  Drone x3  
  117  7:25  Drone  
  121  7:34  Mutalisk x5  
  131  7:39  Zerg Missile Weapons Level 2  
  131  7:40  Drone  
  131  7:43  Overlord  
  132  7:44  Overlord  
  132  7:46  Overlord  
  132  7:48  Ravager x2  
  134  7:53  Roach  
  134  7:54  Roach  
  134  7:55  Overlord  
  138  8:00  Overlord  
  138  8:02  Roach x4  
  138  8:04  Drone  
  147  8:06  Drone, Overlord  
  147  8:10  Overlord  
  147  8:12  Roach x2  
  152  8:17  Drone  
  153  8:24  Roach x3  
  159  8:27  Roach  
  159  8:28  Hatchery, Ravager  
  159  8:31  Roach x2  
  165  8:35  Nydus Network  
  165  8:36  Roach x2  
  165  8:40  Ravager  
  171  8:41  Roach x3  
  171  8:47  Overlord  
  175  8:51  Roach x3  
  181  8:56  Roach x4  
  189  9:04  Overlord  
  189  9:05  Roach x2  
  189  9:07  Roach x2  
  197  9:11  Roach  
  197  9:15  Nydus Canal  
  199  9:23  Roach  
  199  9:29  Nydus Canal  
  197  9:32  Roach x2  
  197  9:35  Roach  
  197  9:37  Roach  
  199  9:40  Roach  
  199  9:43  Roach x2  
  199  9:44  Roach x2  
  189  9:46  Roach x2  
  189  9:48  Roach  
  189  9:49  Roach  
  189  9:51  Roach x2  
  197  9:52  Roach  
  197  9:53  Roach x3  
  197  9:57  Roach  
  191  10:00  Roach  
  191  10:01  Roach x3  
  191  10:02  Roach x2  
Tags
 
Add a new tag
Caveats
  • Supply blocks, unpowered buildings, or Contaminate may cause inaccurate times.
  • Supply counts are checked every 10 seconds.